[Event "Titled Tuesday Blitz June 28 Early 2022"]
[White "Tasev, Dejan"]
[Black "Schmakel, Sam"]
[WhiteFideId "936618"]
[BlackFideId "2039311"]
[WhiteElo "2253"]
[BlackElo "2356"]
[Result "0-1"]
[Round "04"]
[TimeControl "180+1"]
[Date "2022.06.28"]
[WhiteClock "0:00:39"]
[BlackClock "0:00:29"]

1. e4 c5 2. Nf3 e6 3. c4 Nc6 4. Nc3 Nf6 5. d4 cxd4 6. Nxd4 Bb4 7. Nxc6 dxc6 8. Bd3 e5 9. O-O O-O 10. Be3 Ng4 11. Qe2 Nxe3 12. Qxe3 Bxc3 13. bxc3 Qa5 14. Be2 Be6 15. c5 Rfd8 16. Rfb1 Rd7 17. Rb2 Re8 18. h3 h6 19. Rab1 Ree7 20. Kh2 Qa3 21. Rc2 f5 22. Rbb2 f4 23. Qc1 Qxc5 24. Bf1 b6 25. Rd2 Bc4 26. Bxc4+ Qxc4 27. f3 Kf8 28. Rxd7 Rxd7 29. Rd2 Rxd2 30. Qxd2 Ke7 31. h4 g5 32. hxg5 hxg5 33. g3 Qf1 34. gxf4 gxf4 35. Qb2 Qxf3 36. Qa3+ Ke6 37. Qxa7 Qg3+ 38. Kh1 f3 0-1


[Site "https://www.chess.com"]

[Event "Titled Tuesday Blitz June 28 Early 2022"]
[White "Terry, Renato"]
[Black "Csonka, Balazs"]
[WhiteFideId "3803457"]
[BlackFideId "742910"]
[WhiteElo "2577"]
[BlackElo "2404"]
[Result "1-0"]
[Round "04"]
[TimeControl "180+1"]
[Date "2022.06.28"]
[WhiteClock "0:01:02"]
[BlackClock "0:00:10"]

1. d4 e6 2. Nf3 d5 3. c4 Nf6 4. e3 a6 5. b3 c5 6. Bb2 Nc6 7. dxc5 Bxc5 8. a3 O-O 9. b4 Be7 10. Nbd2 dxc4 11. Bxc4 b5 12. Be2 Bb7 13. O-O Qb6 14. Nb3 Rfd8 15. Qb1 h6 16. Rc1 Rac8 17. Nc5 Ba8 18. Qa2 a5 19. Nxe6 fxe6 20. Qxe6+ Kh7 21. Ne5 Qb7 22. Bf3 Rd6 23. Qf5+ Kg8 24. bxa5 Qa6 25. Ng6 Re8 26. Rd1 Rxd1+ 27. Rxd1 b4 28. Bxf6 Bxf6 29. Bd5+ Kh7 30. Nf8+ 1-0


[Site "https://www.chess.com"]

[Event "Titled Tuesday Blitz June 28 Early 2022"]
[White "Torres Cueto, Jesus Marcial"]
[Black "Yaksin, Oleg"]
[WhiteFideId "4415280"]
[BlackFideId "24105880"]
[WhiteElo "2055"]
[BlackElo "2256"]
[Result "1-0"]
[Round "04"]
[TimeControl "180+1"]
[Date "2022.06.28"]
[WhiteClock "0:00:47"]
[BlackClock "0:00:02"]

1. d4 Nf6 2. c4 e6 3. Nc3 Bb4 4. e3 O-O 5. Ne2 d5 6. cxd5 exd5 7. h3 c6 8. g4 Ne4 9. Bg2 f5 10. Bxe4 fxe4 11. Ng3 Bd6 12. Nce2 Na6 13. a3 Nc7 14. Bd2 Ne6 15. h4 Nc7 16. Nf4 Bxf4 17. exf4 Ne6 18. Ne2 Qb6 19. Be3 Qxb2 20. f5 Nd8 21. O-O h5 22. Ng3 hxg4 23. Qxg4 Qb6 24. Kh1 Qc7 25. Rg1 Qf7 26. Bf4 Kh7 27. Be5 c5 28. Nh5 Bxf5 29. Qxg7+ Qxg7 30. Rxg7+ Kh6 31. Nf4 Nc6 32. Rg5 Nxe5 33. dxe5 Bd7 34. Nxd5 Bc6 35. Nf6 e3+ 36. Kg1 exf2+ 37. Kxf2 Rae8 38. Rh5+ Kg6 39. Rg1+ Kf7 40. Nh7 Ke6+ 41. Nxf8+ Rxf8+ 42. Ke3 Rf3+ 43. Ke2 Rxa3 44. Rg6+ Kd5 45. Rd6+ Ke4 46. e6 Kf4 47. Rxc5 Re3+ 48. Kd2 Re4 49. h5 Kg4 50. h6 Be8 51. h7 1-0


[Site "https://www.chess.com"]

[Event "Titled Tuesday Blitz June 28 Early 2022"]
[White "Urbina Perez, Juan Antonio"]
[Black "Fernandez Hernandez, Gerardo"]
[WhiteFideId "2217368"]
[BlackFideId "2207400"]
[WhiteElo "2192"]
[BlackElo "2243"]
[Result "1-0"]
[Round "04"]
[TimeControl "180+1"]
[Date "2022.06.28"]
[WhiteClock "0:01:26"]
[BlackClock "0:00:01"]

1. e4 c5 2. Nf3 Nc6 3. Bb5 g6 4. Bxc6 dxc6 5. d3 Bg7 6. h3 e5 7. Nc3 Qc7 8. Be3 b6 9. Qd2 Nf6 10. Bh6 O-O 11. Bxg7 Kxg7 12. O-O Ba6 13. b3 Rad8 14. Qg5 Rfe8 15. a4 Nd7 16. Nh2 f6 17. Qg3 Nf8 18. Ng4 h5 19. Ne3 Ne6 20. Ne2 Nf4 21. Rae1 Kh7 22. Qf3 Ne6 23. Qg3 Nf4 24. Qf3 Ne6 25. Ng3 Nd4 26. Qd1 Qf7 27. f4 Bc8 28. f5 gxf5 29. Nexf5 Bxf5 30. Nxf5 Rg8 31. Nxd4 cxd4 32. Rf5 Kh6 33. Ref1 Rd6 34. Qd2+ Kh7 35. Qe2 Kh6 36. Qd2+ Kh7 37. Qf2 Qg6 38. Kh2 Qh6 39. Qf3 Rg5 40. Rxf6 Rxf6 41. Qxf6 1-0


[Site "https://www.chess.com"]

[Event "Titled Tuesday Blitz June 28 Early 2022"]
[White "Vachier-Lagrave, Maxime"]
[Black "Moussard, Jules"]
[WhiteFideId "623539"]
[BlackFideId "642908"]
[WhiteElo "2813"]
[BlackElo "2589"]
[Result "1-0"]
[Round "04"]
[TimeControl "180+1"]
[Date "2022.06.28"]
[WhiteClock "0:00:25"]
[BlackClock "0:00:05"]

1. c4 e6 2. Nf3 d5 3. g3 Nf6 4. Bg2 Be7 5. O-O O-O 6. d4 c6 7. Nbd2 b6 8. Qc2 c5 9. cxd5 exd5 10. b3 Bb7 11. Bb2 Nbd7 12. Rad1 Rc8 13. dxc5 Bxc5 14. Qd3 Qe7 15. e3 Ba3 16. Bxa3 Qxa3 17. Qb1 Nc5 18. Bh3 Rc7 19. Nd4 Re7 20. Rc1 g6 21. Rfd1 Nce4 22. Qa1 Qa5 23. Nxe4 Nxe4 24. a3 b5 25. b4 Qb6 26. Rc2 a6 27. Bg2 Nd6 28. Nb3 Nc4 29. Nc5 Ba8 30. Bxd5 Bxd5 31. Rxd5 a5 32. Nd7 Rxd7 33. Rxd7 axb4 34. axb4 Qc6 35. Qd4 Qf3 36. Rd8 Rxd8 37. Qxd8+ Kg7 38. Qd4+ Kg8 39. Rxc4 bxc4 40. Qxc4 Qd1+ 41. Kg2 Qb1 42. b5 h5 43. h4 g5 44. hxg5 Qf5 45. b6 h4 46. gxh4 Qd7 47. Qe4 Qb5 48. b7 f5 49. Qe6+ Kg7 50. Qf6+ Kh7 51. Qf7+ Kh8 52. Qf8+ Kh7 53. g6+ Kxg6 54. Qg8+ Kh6 55. b8=Q Qc6+ 56. Kh2 Kh5 57. Qg5# 1-0


[Site "https://www.chess.com"]

[Event "Titled Tuesday Blitz June 28 Early 2022"]
[White "Vainio, Ville"]
[Black "Gueci, Tea"]
[WhiteFideId "507270"]
[BlackFideId "872342"]
[WhiteElo "2221"]
[BlackElo "2142"]
[Result "1-0"]
[Round "04"]
[TimeControl "180+1"]
[Date "2022.06.28"]
[WhiteClock "0:00:07"]
[BlackClock "0:00:20"]

1. e4 c5 2. Nf3 d6 3. d4 cxd4 4. Nxd4 Nf6 5. Nc3 a6 6. Be2 e6 7. O-O Be7 8. f4 Nc6 9. Be3 Bd7 10. Nb3 O-O 11. a4 Rc8 12. a5 Nb4 13. Bf3 Bc6 14. Qd2 d5 15. e5 Ne4 16. Bxe4 dxe4 17. Qf2 Nd5 18. Bd4 Nxc3 19. bxc3 Bd5 20. Qe3 Qc7 21. g4 Qc6 22. f5 exf5 23. gxf5 f6 24. e6 Bd6 25. Rf2 Rfe8 26. Rg2 Kh8 27. Qh6 Qc7 28. Bxf6 Be5 29. Rxg7 Bxh2+ 30. Kf1 Bc4+ 31. Ke1 Bg3+ 32. Rxg3+ Qg7 33. Qxg7# 1-0


[Site "https://www.chess.com"]

[Event "Titled Tuesday Blitz June 28 Early 2022"]
[White "Valle Maytin, Luis Enrique"]
[Black "Tymrakiewicz, Rafal"]
[WhiteFideId "3503666"]
[BlackFideId "1108832"]
[WhiteElo "2317"]
[BlackElo "2205"]
[Result "1-0"]
[Round "04"]
[TimeControl "180+1"]
[Date "2022.06.28"]
[WhiteClock "0:00:15"]
[BlackClock "0:00:05"]

1. e4 Nf6 2. e5 Nd5 3. c4 Nb6 4. d4 d6 5. exd6 cxd6 6. Nc3 g6 7. Nf3 Bg7 8. Be3 Bg4 9. Rc1 O-O 10. b3 d5 11. c5 Nc8 12. Be2 Nc6 13. O-O e6 14. a3 N8e7 15. b4 Nf5 16. b5 Bxf3 17. bxc6 Bxe2 18. Qxe2 bxc6 19. Rfd1 Qa5 20. a4 Rab8 21. g4 Nxe3 22. fxe3 Rb3 23. Qc2 Rfb8 24. Rb1 Rxb1 25. Nxb1 Bh6 26. Kf2 Rb4 27. Nc3 Rc4 28. Rd3 Qb4 29. Qd2 e5 30. dxe5 Rxg4 31. Rd4 Rxd4 32. Qxd4 Qb2+ 33. Ne2 Qa3 34. e6 fxe6 35. Qf6 Qxe3+ 36. Ke1 Qxc5 37. Qxe6+ Kf8 38. Qf6+ Ke8 39. Qh8+ Bf8 40. Qxh7 Qd6 41. Qh4 d4 42. Qe4+ Be7 43. Nxd4 Qb4+ 44. Kf2 c5 45. Qc6+ Kf7 46. Qe6+ Ke8 47. Nf3 Qb2+ 48. Kg3 Qf6 49. Qc8+ Kf7 50. h4 Bd6+ 51. Kg4 Qf5+ 52. Qxf5+ gxf5+ 53. Kxf5 c4 54. Ke4 Bc5 55. Ne5+ Kf6 56. Nxc4 Kg6 57. Kd5 Bf2 58. Kc6 Kh5 59. a5 Kxh4 60. a6 Kg5 61. Nd6 Kf6 62. Ne4+ Ke7 63. Nxf2 Kd8 64. Kb7 Kd7 65. Kxa7 Kc7 66. Ne4 Kc8 67. Nd6+ Kc7 68. Nb5+ Kc8 69. Ka8 Kd7 70. Kb7 1-0


[Site "https://www.chess.com"]

[Event "Titled Tuesday Blitz June 28 Early 2022"]
[White "Vidruska, Renate"]
[Black "Namitbir Singh Walia"]
[WhiteFideId "11601841"]
[BlackFideId "35071068"]
[WhiteElo "1873"]
[BlackElo "1565"]
[Result "0-1"]
[Round "04"]
[TimeControl "180+1"]
[Date "2022.06.28"]
[WhiteClock "0:01:10"]
[BlackClock "0:00:57"]

1. e4 c6 2. d4 d5 3. Nd2 dxe4 4. Nxe4 Nf6 5. Nxf6+ exf6 6. c3 Bd6 7. Bd3 O-O 8. Qc2 Re8+ 9. Ne2 h5 10. Kf1 Nd7 11. Bf4 Nf8 12. Bxd6 Qxd6 13. Qd2 Ne6 14. Ng3 g6 15. Ne4 Qe7 16. Re1 f5 17. Nc5 b6 18. Nxe6 Bxe6 19. c4 Qf6 20. Be2 Rad8 21. Rd1 Rd6 22. b3 Red8 23. Qh6 Rxd4 24. Rxd4 Qxd4 25. g3 Qe4 26. f3 Qc2 27. Kf2 Rd2 28. Re1 Qxa2 29. Qf4 Rc2 30. Kf1 b5 31. cxb5 cxb5 32. Qb8+ Kh7 33. Qxb5 Bxb3 34. Kf2 Bc4 35. Qe8 Rxe2+ 36. Rxe2 Qxe2+ 37. Qxe2 Bxe2 38. Kxe2 Kg7 39. Kd3 Kf6 40. Kc4 Ke5 41. Kb5 Kd4 42. Ka6 Ke3 43. Kxa7 Kxf3 44. Kb6 Kg2 45. Kc5 Kxh2 46. Kd4 Kxg3 47. Ke3 h4 0-1


[Site "https://www.chess.com"]

[Event "Titled Tuesday Blitz June 28 Early 2022"]
[White "Vlassov, Nikolai"]
[Black "Timofeev, Artyom"]
[WhiteFideId "4103360"]
[BlackFideId "4140419"]
[WhiteElo "2407"]
[BlackElo "2578"]
[Result "0-1"]
[Round "04"]
[TimeControl "180+1"]
[Date "2022.06.28"]
[WhiteClock "0:00:02"]
[BlackClock "0:00:39"]

1. e4 c6 2. d4 d5 3. e5 Bf5 4. Nc3 e6 5. g4 Bg6 6. Nge2 c5 7. Be3 Nc6 8. dxc5 Nxe5 9. Nf4 Ne7 10. Bb5+ N7c6 11. Qe2 Be7 12. O-O-O Qa5 13. Bd4 Nd7 14. Bxc6 bxc6 15. Bxg7 Rg8 16. Bd4 Bg5 17. Be3 Bxf4 18. Bxf4 Nxc5 19. h4 Ne4 20. Nxe4 Bxe4 21. f3 Qxa2 22. fxe4 Qa1+ 23. Kd2 Qxb2 24. Ke1 Qb4+ 25. Bd2 Qxe4 26. Qxe4 dxe4 27. g5 a5 28. Rh3 a4 29. Ra1 f5 30. Rha3 Kf7 31. Rxa4 Rxa4 32. Rxa4 Kg6 33. Ra7 Re8 34. Rc7 e5 35. Rxc6+ Kh5 36. Rh6+ Kg4 37. Rxh7 f4 38. g6 Kf3 39. g7 Ra8 40. Bc1 e3 41. Rh5 Ra1 42. Kd1 e2+ 43. Kd2 Rxc1 44. Rxe5 Rd1+ 45. Kc3 Rg1 46. Re7 Rxg7 47. Rxg7 e1=Q+ 48. Kb3 Qe6+ 49. c4 Qb6+ 50. Ka4 Qc5 0-1


[Site "https://www.chess.com"]

[Event "Titled Tuesday Blitz June 28 Early 2022"]
[White "Warmerdam, Max"]
[Black "Gracia Alvarez, Gerardo Antonio"]
[WhiteFideId "1048104"]
[BlackFideId "5109124"]
[WhiteElo "2537"]
[BlackElo "2139"]
[Result "1-0"]
[Round "04"]
[TimeControl "180+1"]
[Date "2022.06.28"]
[WhiteClock "0:01:22"]
[BlackClock "0:00:14"]

1. e4 c5 2. Nf3 Nc6 3. Bb5 d6 4. O-O Bd7 5. c3 Nf6 6. Re1 a6 7. Bf1 Bg4 8. d4 cxd4 9. cxd4 e5 10. d5 Nd4 11. Be3 Nxf3+ 12. gxf3 Bd7 13. Nd2 b5 14. a4 Be7 15. axb5 axb5 16. Qb3 O-O 17. Rxa8 Qxa8 18. Rc1 Rb8 19. Qb4 Qa4 20. Qc3 h6 21. b3 Qa6 22. Ra1 Qc8 23. Qxc8+ Rxc8 24. b4 Rc2 25. Nb3 Rb2 26. Ra3 Rb1 27. Bc1 Nxd5 28. exd5 Bf5 29. Kg2 Bc2 30. Ra8+ Kh7 31. Na1 Rxc1 32. Nxc2 Rxc2 33. Bd3+ 1-0


[Site "https://www.chess.com"]

[Event "Titled Tuesday Blitz June 28 Early 2022"]
[White "Weishaeutel, Moritz"]
[Black "Polster, Christian"]
[WhiteFideId "12967300"]
[BlackFideId "12965081"]
[WhiteElo "2002"]
[BlackElo "2294"]
[Result "1-0"]
[Round "04"]
[TimeControl "180+1"]
[Date "2022.06.28"]
[WhiteClock "0:02:34"]
[BlackClock "0:01:41"]

1. e4 c5 2. b4 cxb4 3. a3 e6 4. axb4 Bxb4 5. Bb2 Nf6 6. e5 Nd5 7. c4 Nb6 8. Ra3 Nc6 9. Rg3 g6 10. h4 h5 11. Nc3 Be7 12. Ne4 Bd6 13. Nxd6+ 1-0


[Site "https://www.chess.com"]

[Event "Titled Tuesday Blitz June 28 Early 2022"]
[White "Xu, Yi"]
[Black "Ardila, Oscar Humberto"]
[WhiteFideId "8605564"]
[BlackFideId "4404742"]
[WhiteElo "2471"]
[BlackElo "1956"]
[Result "1-0"]
[Round "04"]
[TimeControl "180+1"]
[Date "2022.06.28"]
[WhiteClock "0:02:13"]
[BlackClock "0:02:01"]

1. e4 e5 2. Nf3 Nf6 3. Nxe5 d6 4. Nf3 Nxe4 5. d4 Be7 6. Bd3 Nf6 7. O-O O-O 8. h3 Nbd7 9. Re1 Re8 10. c4 Nf8 11. Nc3 Be6 12. d5 Bc8 13. b3 N8d7 14. Bb2 Nc5 15. Bc2 a5 16. Qd2 Bd7 17. Re3 Bf8 18. Rae1 Rxe3 19. Qxe3 Qc8 20. Qf4 Qd8 21. Ne2 Be7 22. Ng3 Qf8 23. Nf5 Bxf5 24. Qxf5 Re8 25. Bxf6 Bxf6 26. Qxh7# 1-0


[Site "https://www.chess.com"]

[Event "Titled Tuesday Blitz June 28 Early 2022"]
[White "Yoo, Christopher Woojin"]
[Black "Sokolovsky, Yahli"]
[WhiteFideId "30909694"]
[BlackFideId "2820242"]
[WhiteElo "2105"]
[BlackElo "1770"]
[Result "1-0"]
[Round "04"]
[TimeControl "180+1"]
[Date "2022.06.28"]
[WhiteClock "0:00:04"]
[BlackClock "0:00:03"]

1. e4 g6 2. h4 h5 3. d4 Bg7 4. c3 d6 5. Bd3 c5 6. dxc5 dxc5 7. Nf3 Nc6 8. O-O Bg4 9. Bb5 Qb6 10. Qa4 Bxf3 11. gxf3 e6 12. Bf4 Ne7 13. Bd6 a6 14. Na3 Rd8 15. Bxe7 axb5 16. Bxd8 Qxd8 17. Qxb5 Qxh4 18. Rfd1 O-O 19. Qf1 Ne5 20. Qg2 Qf4 21. Qg3 Nxf3+ 22. Kg2 Nh4+ 23. Kh3 Qxg3+ 24. fxg3 Nf3 25. Kg2 Ng5 26. Re1 Be5 27. Rad1 Ra8 28. Nc4 Bf6 29. e5 Be7 30. Rd7 Kf8 31. a3 b5 32. Nd6 b4 33. cxb4 cxb4 34. axb4 Rb8 35. b5 Bxd6 36. exd6 Rxb5 37. Rd8+ Kg7 38. Re2 Rd5 39. b4 e5 40. d7 Ne6 41. Rb8 Rxd7 42. Rxe5 Rd2+ 43. Kf3 Nd4+ 44. Ke3 Rd1 45. Re4 Nc2+ 46. Kf2 Rb1 47. b5 Rb2 48. Re2 Ra2 49. b6 Rb2 50. b7 h4 51. gxh4 g5 52. h5 g4 53. h6+ Kh7 54. Rc8 g3+ 55. Kxg3 Rb3+ 56. Kf2 Rxb7 57. Rexc2 Kxh6 58. R8c6+ Kg7 59. R6c4 Rb6 60. Rf4 Rg6 61. Rc7 Ra6 62. Rcxf7+ Kg6 63. Kg3 Ra3+ 64. Kg4 Ra6 65. R7f5 Kh6 66. Rh5+ Kg6 67. Rg5+ Kh7 68. Rff5 Ra4+ 69. Kh5 Ra7 70. Rf6 Ra1 71. Rh6# 1-0


[Site "https://www.chess.com"]

[Event "Titled Tuesday Blitz June 28 Early 2022"]
[White "Yuan, Qingyu"]
[Black "Vokhidov, Shamsiddin"]
[WhiteFideId "8609772"]
[BlackFideId "14204223"]
[WhiteElo "2359"]
[BlackElo "2611"]
[Result "0-1"]
[Round "04"]
[TimeControl "180+1"]
[Date "2022.06.28"]
[WhiteClock "0:00:02"]
[BlackClock "0:00:15"]

1. e4 c5 2. Nf3 d6 3. Bb5+ Nd7 4. c4 e5 5. Nc3 g6 6. a3 Bg7 7. b4 Ne7 8. d3 Nc6 9. Nd5 h6 10. O-O O-O 11. Rb1 Nb6 12. bxc5 dxc5 13. Be3 Nd4 14. Nxd4 exd4 15. Bf4 Nxd5 16. exd5 a6 17. Ba4 b5 18. Bb3 Bf5 19. Re1 Rc8 20. h3 Qa5 21. Qc2 Rfe8 22. Bd2 Qc7 23. Ba2 Bd7 24. Rbc1 Rxe1+ 25. Rxe1 Qd6 26. Qc1 g5 27. Qc2 Bf5 28. Qb3 Qd7 29. Qc2 Bf6 30. Ba5 Bg6 31. Qd2 Qf5 32. Rd1 Be5 33. Bb6 Qf6 34. Ba5 Bf4 35. Qe2 Bd6 36. Re1 Qf4 37. g3 Qf5 38. Qg4 Qxg4 39. hxg4 Bxd3 40. cxb5 axb5 41. Rd1 Be4 42. Bb6 d3 43. f3 Bg6 44. Kf2 c4 45. Bd4 c3 46. Rb1 c2 47. Rxb5 c1=Q 48. Rb8 Qd2+ 0-1


[Site "https://www.chess.com"]

[Event "Titled Tuesday Blitz June 28 Early 2022"]
[White "Zochowski, Kacper"]
[Black "Liyanage, Ranindu Dilshan"]
[WhiteFideId "1125494"]
[BlackFideId "9915834"]
[WhiteElo "2214"]
[BlackElo "1858"]
[Result "0-1"]
[Round "04"]
[TimeControl "180+1"]
[Date "2022.06.28"]
[WhiteClock "0:02:37"]
[BlackClock "0:02:07"]

1. d4 Nf6 2. Bg5 d5 3. Nd2 Nbd7 4. e3 e6 5. c3 c5 6. Bd3 b6 7. f4 Bb7 8. Ngf3 Be7 9. O-O h6 10. Bh4 O-O 11. Qe2 Ne4 12. Bxe4 dxe4 13. Ne5 Bxh4 14. Qg4 f5 15. Qg6 Nxe5 16. fxe5 Qe8 17. Qxe8 Rfxe8 18. Nc4 Be7 19. Rfe1 Rac8 20. b3 Ba6 0-1


[Site "https://www.chess.com"]

[Event "Titled Tuesday Blitz June 28 Early 2022"]
[White "Zubritskiy, Artyom"]
[Black "Prieto Aranguren, Alain"]
[WhiteFideId "4181247"]
[BlackFideId "2268906"]
[WhiteElo "2478"]
[BlackElo "2224"]
[Result "1-0"]
[Round "04"]
[TimeControl "180+1"]
[Date "2022.06.28"]
[WhiteClock "0:00:48"]
[BlackClock "0:00:03"]

1. d4 g6 2. c4 Bg7 3. g3 Nf6 4. Bg2 O-O 5. Nc3 d6 6. Nf3 Nbd7 7. O-O e5 8. e4 c6 9. h3 Qb6 10. Re1 exd4 11. Nxd4 Ne8 12. Nde2 Ne5 13. b3 Be6 14. Be3 Qa5 15. Rc1 f5 16. Nd4 Bxc4 17. bxc4 fxe4 18. Nxe4 Qxa2 19. Ne6 Rf7 20. Nxd6 Nxd6 21. Qxd6 Nxc4 22. Qc5 Nxe3 23. Qxe3 Re8 24. Re2 Qa4 25. h4 Rfe7 26. Bh3 Qb5 27. Qe4 a5 28. Rb1 Qa6 29. Qc2 a4 30. Qa2 Kh8 31. Rc2 Qd3 32. Bf1 Qf5 33. Nxg7 Kxg7 34. Qxa4 Kh6 35. Rcb2 b5 36. Qb4 Re4 37. Qd2+ Kh5 38. Bd3 Qd5 39. Bxe4 Qxe4 40. Qg5# 1-0


[Site "https://www.chess.com"]

[Event "Titled Tuesday Blitz June 28 Early 2022"]
[White "Adewumi, Tanitoluwa"]
[Black "Bluebaum, Matthias"]
[WhiteFideId "30966396"]
[BlackFideId "24651516"]
[WhiteElo "2681"]
[BlackElo "2556"]
[Result "0-1"]
[Round "05"]
[TimeControl "180+1"]
[Date "2022.06.28"]
[WhiteClock "0:00:02"]
[BlackClock "0:01:04"]

1. e4 c6 2. d4 d5 3. e5 Bf5 4. Nf3 e6 5. Be2 c5 6. Be3 Nd7 7. O-O Ne7 8. c3 Nc6 9. Nbd2 Be7 10. a3 h6 11. b4 cxd4 12. cxd4 Nb6 13. Rc1 O-O 14. Ne1 Rc8 15. Nd3 a5 16. b5 Na7 17. Nc5 Nd7 18. Nxb7 Qb6 19. Nc5 Nxc5 20. dxc5 Rxc5 21. Nb3 Rxc1 22. Bxb6 Rxd1 23. Rxd1 Nxb5 24. Bxb5 Bc2 25. Rc1 Bxb3 26. Bxa5 Bxa3 27. Rc3 Ra8 28. Rxb3 Rxa5 29. g3 g5 30. Bd3 Bc5 31. Kg2 Ra2 32. Rb8+ Kg7 33. Rb7 Rxf2+ 34. Kh3 Bd4 35. Bb5 Bxe5 36. Bd7 Kg6 37. Be8 h5 38. Re7 g4+ 39. Kh4 Rxh2# 0-1


[Site "https://www.chess.com"]

[Event "Titled Tuesday Blitz June 28 Early 2022"]
[White "Agasarov, Benik"]
[Black "Golubovskis, Maksims"]
[WhiteFideId "13314823"]
[BlackFideId "11608528"]
[WhiteElo "2693"]
[BlackElo "2102"]
[Result "1-0"]
[Round "05"]
[TimeControl "180+1"]
[Date "2022.06.28"]
[WhiteClock "0:00:22"]
[BlackClock "0:00:03"]

1. c4 Nf6 2. Nc3 c5 3. Nf3 Nc6 4. d4 cxd4 5. Nxd4 e6 6. a3 d5 7. cxd5 exd5 8. Bg5 Be7 9. e3 O-O 10. Be2 h6 11. Bf4 Qb6 12. Na4 Qd8 13. O-O Be6 14. Rc1 Qd7 15. Nc5 Bxc5 16. Rxc5 Rac8 17. Rc1 Ne4 18. Bf3 Rfd8 19. Qa4 Nd2 20. Rfd1 Nxd4 21. Qxd4 Rxc1 22. Rxc1 Nb3 23. Qc3 Nxc1 24. Qxc1 Qc6 25. Qd1 Rc8 26. Be5 Qc2 27. Bc3 Qxd1+ 28. Bxd1 Kf8 29. f4 f6 30. Kf2 Ke7 31. Bd4 Rc1 32. Bf3 b6 33. g4 Rc2+ 34. Kg3 g5 35. h4 Kf7 36. f5 Bd7 37. Bxd5+ Kg7 38. hxg5 hxg5 39. Bc3 Rc1 40. e4 Rd1 41. Kf3 Bb5 42. Bb7 Rd3+ 43. Kf2 Rd7 44. Bd5 Bd3 45. Ke3 Bb1 46. Be6 Rd3+ 47. Ke2 Rg3 48. e5 Rxg4 49. exf6+ Kf8 50. f7 a5 51. Kf3 Re4 52. Bd2 g4+ 53. Kg3 Rxe6 54. fxe6 1-0


[Site "https://www.chess.com"]

[Event "Titled Tuesday Blitz June 28 Early 2022"]
[White "Aggelis, Nikolaos"]
[Black "Bolanos, Fernando"]
[WhiteFideId "4213220"]
[BlackFideId "3304094"]
[WhiteElo "2154"]
[BlackElo "2048"]
[Result "0-1"]
[Round "05"]
[TimeControl "180+1"]
[Date "2022.06.28"]
[WhiteClock "0:00:13"]
[BlackClock "0:00:08"]

1. d4 Nf6 2. g3 c6 3. Nf3 d5 4. Bg2 Bf5 5. c4 e6 6. Qb3 Qb6 7. c5 Qxb3 8. axb3 Nbd7 9. Nc3 Be7 10. b4 O-O 11. b5 Ne4 12. bxc6 bxc6 13. Ra6 Rfc8 14. Bf4 g5 15. Be3 g4 16. Nd2 Nxd2 17. Kxd2 Rab8 18. Kc1 e5 19. Rxa7 exd4 20. Bxd4 Bxc5 21. Ra4 Ra8 22. e3 Bxd4 23. exd4 Nb6 24. Rxa8 Rxa8 25. Re1 Nc4 26. Kd1 Bd3 27. Ne2 Nxb2+ 28. Kd2 Bf5 29. Nc3 Nc4+ 30. Ke2 Ra3 31. Rc1 Nb2 32. Nb1 Bd3+ 33. Ke1 Ra1 34. Kd2 Rxb1 35. Rxb1 Bxb1 36. h3 gxh3 37. Bxh3 Nc4+ 38. Kc3 f5 39. Kb4 Be4 40. Kc5 Na5 41. Kb6 Nb3 42. Kxc6 Nxd4+ 43. Kd6 Nf3 44. Ke6 Nd4+ 45. Ke5 Nf3+ 46. Kf4 Ng1 47. Bf1 Kg7 48. Ke5 Kg6 49. Bb5 Kg5 50. Ba4 Nf3+ 51. Ke6 Ne1 52. Bd1 Nd3 53. f4+ Kg6 54. Be2 h5 55. Kd6 Nf2 56. Bb5 Nh1 57. Ke6 Nxg3 58. Be8+ Kg7 59. Ke5 h4 60. Bb5 h3 61. Bc6 h2 62. Bxd5 Bxd5 63. Kd6 h1=Q 64. Ke5 Qe4+ 65. Kd6 Bb3 66. Kd7 Qe6+ 67. Kd8 Qf7 68. Kc8 Bd5 69. Kb8 Qb7# 0-1


[Site "https://www.chess.com"]

[Event "Titled Tuesday Blitz June 28 Early 2022"]
[White "Agibileg, Uurtsaikh"]
[Black "Melkumyan, Hrant"]
[WhiteFideId "4901606"]
[BlackFideId "13302485"]
[WhiteElo "2205"]
[BlackElo "2604"]
[Result "0-1"]
[Round "05"]
[TimeControl "180+1"]
[Date "2022.06.28"]
[WhiteClock "0:00:05"]
[BlackClock "0:00:18"]

1. d4 Nf6 2. c4 g6 3. Nc3 Bg7 4. e4 d6 5. Be2 e5 6. Nf3 exd4 7. Nxd4 O-O 8. O-O Re8 9. f3 c6 10. Kh1 d5 11. cxd5 cxd5 12. Bg5 Nc6 13. Ndb5 a6 14. exd5 Nb4 15. Qb3 Nbxd5 16. Nxd5 Qxd5 17. Bxf6 Qxb3 18. axb3 Bxf6 19. Nc7 Rxe2 20. Nxa8 Rxb2 21. Rab1 Ra2 22. Nb6 Bf5 23. Rbc1 Rb2 24. g4 Be6 25. Rc7 Rxb3 26. Rxb7 Be5 27. Rd1 Kg7 28. g5 Rxf3 29. Re1 Rf5 30. Ra7 Rxg5 31. h4 Rh5 32. Kg2 Kh6 33. Rxa6 Bd4 34. Rd1 Rxh4 35. Ra4 Rg4+ 36. Kf3 Bxb6 37. Rxg4 Bxg4+ 38. Kxg4 Kg7 39. Rd6 h5+ 40. Kh4 Bc7 41. Rc6 Bd8+ 42. Kh3 Bf6 43. Kg3 Be5+ 44. Kh4 Bf4 45. Rc5 f5 46. Rc6 Kh6 47. Ra6 Bd2 48. Ra4 Be1+ 49. Kh3 Bc3 50. Kg3 Kg5 51. Kf3 Be5 52. Ra5 Bd6 53. Ra1 h4 54. Rg1+ Bg3 55. Rf1 Kf6 56. Ra1 g5 57. Ra6+ Ke5 58. Ra5+ Ke6 59. Ra6+ Bd6 60. Ra4 h3 61. Kf2 g4 62. Ra3 Kf6 63. Kg1 Bxa3 64. Kh1 Kg5 65. Kh2 f4 66. Kg1 f3 67. Kh1 g3 68. Kg1 Bc5+ 69. Kh1 g2+ 70. Kh2 g1=Q+ 71. Kxh3 Qg2# 0-1


[Site "https://www.chess.com"]

[Event "Titled Tuesday Blitz June 28 Early 2022"]
[White "Ajay Krishna, S"]
[Black "Averjanov, Alexey"]
[WhiteFideId "5096430"]
[BlackFideId "14109867"]
[WhiteElo "2247"]
[BlackElo "2707"]
[Result "0-1"]
[Round "05"]
[TimeControl "180+1"]
[Date "2022.06.28"]
[WhiteClock "0:00:22"]
[BlackClock "0:01:45"]

1. d4 d5 2. c4 dxc4 3. Nf3 Nf6 4. e3 e6 5. Bxc4 a6 6. O-O b5 7. Bd3 Bb7 8. a4 b4 9. Nbd2 Nbd7 10. Nc4 c5 11. b3 Qc7 12. Bb2 Be7 13. Rc1 O-O 14. Qe2 Rfd8 15. a5 Rac8 16. dxc5 Bxc5 17. Nfe5 Nxe5 18. Bxe5 Qc6 19. f3 Nd5 20. Kh1 f6 21. Bb2 e5 22. Bf5 Rb8 23. Qc2 g6 24. Bxg6 hxg6 25. Qxg6+ Kf8 26. Qh6+ Kg8 27. Nxe5 fxe5 28. Qg5+ Kf7 29. Qxe5 Rg8 30. e4 Qg6 31. g3 Rbe8 32. Qf5+ Qxf5 33. exf5 Re2 34. Rxc5 Rxb2 35. Rd1 Re8 36. Kg1 Ree2 37. h4 Rg2+ 38. Kh1 Rxg3 39. Rdxd5 Bxd5 40. Rxd5 Rxf3 41. Kg1 Rc3 0-1


[Site "https://www.chess.com"]

[Event "Titled Tuesday Blitz June 28 Early 2022"]
[White "Andreikin, Dmitry"]
[Black "Bortnyk, Olexandr"]
[WhiteFideId "4158814"]
[BlackFideId "14120828"]
[WhiteElo "2736"]
[BlackElo "2723"]
[Result "1-0"]
[Round "05"]
[TimeControl "180+1"]
[Date "2022.06.28"]
[WhiteClock "0:02:03"]
[BlackClock "0:00:02"]

1. d4 d6 2. e4 Nf6 3. Nc3 Nbd7 4. f4 e5 5. Be3 exd4 6. Qxd4 c6 7. O-O-O Ng4 8. Nf3 Nxe3 9. Qxe3 Qb6 10. Qe1 Be7 11. g4 Nc5 12. f5 Bd7 13. Bc4 f6 14. e5 fxe5 15. Nxe5 dxe5 16. Qxe5 Kf8 17. f6 gxf6 18. Rhf1 Ke8 19. Rxf6 Kd8 20. Nd5 1-0


[Site "https://www.chess.com"]

[Event "Titled Tuesday Blitz June 28 Early 2022"]
[White "Antonio, Jorge Carlos"]
[Black "Jovic, Stanoje"]
[WhiteFideId "113190"]
[BlackFideId "905020"]
[WhiteElo "2247"]
[BlackElo "2286"]
[Result "0-1"]
[Round "05"]
[TimeControl "180+1"]
[Date "2022.06.28"]
[WhiteClock "0:00:30"]
[BlackClock "0:02:03"]

1. d4 Nf6 2. Nf3 e6 3. c4 b6 4. g3 Ba6 5. b3 Bb4+ 6. Bd2 Be7 7. Bg2 d5 8. Qc2 O-O 9. cxd5 exd5 10. Nc3 c5 11. dxc5 bxc5 12. Ne5 Re8 13. Nxd5 Nxd5 14. Qf5 Bf6 15. Nxf7 Rxe2+ 16. Kd1 Nc3+ 17. Kc2 Qxd2# 0-1


[Site "https://www.chess.com"]